 Dungeon Crawl Stone Soup version 0.22-a0-571-g4a923d4 (webtiles) character file.

96982 chorionicmirror the Carver (level 15, -5/123 HPs)
             Began as a Demonspawn Berserker on July 1, 2018.
             Was a High Priest of Trog.
             Slain by a tyrant leech (23 damage)
             ... on level 1 of the Swamp.
             The game lasted 01:53:05 (19507 turns).

chorionicmirror the Carver (Demonspawn Berserker)  Turns: 19507, Time: 01:53:06

Health: -5/123     AC: 24    Str: 36    XL:     15   Next: 70%
Magic:  16/16      EV: 16    Int:  8    God:    Trog [*****.]
Gold:   1360       SH: 11    Dex: 15    Spells: 14/14 levels left

rFire    + . .     SeeInvis .   a - +4 double sword (distort)
rCold    + + .     Gourm    .   g - +2 buckler {AC+3}
rNeg     . . .     Faith    .   l - +1 scale mail {rC+}
rPois    .         Spirit   .   (helmet restricted)
rElec    .         Reflect  +   u - +0 cloak
rCorr    .         Harm     .   (no gloves)
MR       +++..                  (boots unavailable)
Stlth    +.........             m - +4 amulet of reflection
HPRegen  1.70/turn              K - +5 ring of evasion
MPRegen  0.15/turn              F - +5 ring of strength

@: mighty, grasped by roots, regenerating, slowed, very slow
A: horns 1, talons 3, agile 1, cold resistance 1, fire resistance 1, high mp 1,
icemail, regeneration 1, strong 1, wild magic 1, evolution 1, freezing cloud
immunity, sturdy frame 3
a: Berserk, Trog's Hand, Brothers in Arms, Renounce Religion


You were on level 1 of the Swamp.
You worshipped Trog.
Trog was extremely pleased with you.
You were not hungry.

You visited 4 branches of the dungeon, and saw 22 of its levels.
You visited the Abyss 1 time.

You collected 1911 gold pieces.
You spent 551 gold pieces at shops.

Inventory:

Hand Weapons
 a - a +4 double sword of distortion (weapon)
 b - a +2 flail of flaming
 S - the +8 demon blade of the Penguin {drain, rC+ MR- Int+4}
   (Trog gifted it to you on level 13 of the Dungeon)

   A truly terrible weapon, it drains the life of those it strikes.
   It affects your intelligence (+4).
   It protects you from cold.
   It affects your resistance to hostile enchantments.
 T - a +1 hand crossbow of velocity
Missiles
 p - 3 throwing nets (quivered)
Armour
 g - a +2 buckler of protection (worn)
 l - a +1 scale mail of cold resistance (worn)
 u - a +0 cloak (worn)
Jewellery
 m - a +4 amulet of reflection (around neck)
 y - an uncursed ring of protection from magic
 F - a +5 ring of strength (right hand)
 G - a +2 ring of protection
 K - a +5 ring of evasion (left hand)
 L - an uncursed ring of stealth
 P - a +3 amulet of reflection
Wands
 d - a wand of enslavement (4)
 k - a wand of acid (9)
 o - a wand of paralysis (37)
 r - a wand of random effects (21)
 s - a wand of flame (94)
 v - a wand of disintegration (9)
 x - a wand of iceblast (14)
 H - a wand of clouds (5)
 N - a wand of digging (12)
 U - a wand of scattershot (5)
Scrolls
 c - 6 scrolls of remove curse
 e - 16 scrolls of identify
 h - 5 scrolls of teleportation
 i - 5 scrolls of fog
 j - 5 scrolls of enchant weapon
 n - a scroll of fear
 A - 4 scrolls of magic mapping
 I - 3 scrolls of blinking
 O - 2 scrolls of brand weapon
 Q - 2 scrolls of enchant armour
Potions
 f - 5 potions of mutation
 t - 2 potions of resistance
 w - 5 potions of curing
 z - 2 potions of flight
 C - 3 potions of might
 E - 2 potions of berserk rage
 J - a potion of invisibility
 V - a potion of lignification
Miscellaneous
 q - a crystal ball of energy
 B - a phantom mirror
Comestibles
 D - 25 rations


   Skills:
 + Level 13.1 Fighting
 * Level 14.9 Long Blades
 + Level 11.9 Armour
 + Level 11.9 Dodging
 - Level 3.2 Stealth
 - Level 6.0 Shields


You had 14 spell levels left.
You didn't know any spells.
Your spell library was empty.

Dungeon Overview and Level Annotations

Branches:
Dungeon (13/15)            Temple (0/1) D:6            Lair (6/6) D:11
  Swamp (1/4) Lair:4       Spider (0/4) Lair:4        Slime (0/5) Lair:5
    Orc (2/2) D:10            Elf (0/3) Orc:2        Vaults (0/5) D:13

Altars:
Nemelex Xobeh
Trog
Vehumet
Yredelemnul

Shops:
D:8 [!}   D:13 [   Orc:2 ?:%}:

Annotations:
D:10 Sonja
Swamp:1 Josephine


Innate Abilities, Weirdness & Mutations

You have claws for feet.
Your flesh is cold resistant. (rC+)
A meltable icy envelope protects you from harm. (AC +10)
You are immune to freezing clouds.
Your movements are significantly less encumbered by armour. (ER -6)
You have a pair of small horns on your head.
You are agile. (Dex +2)
Your flesh is heat resistant. (rF+)
You have an increased reservoir of magic. (+10% MP)
Your natural rate of healing is unusually fast.
Your muscles are strong. (Str +2)
Your spells are a little harder to cast, but a little more powerful.
You evolve.


Message History

You block the vampire mosquito's attack.
A wraith comes into view.
The vampire mosquito closely misses you.
You riposte.
You slash the vampire mosquito! You claw the vampire mosquito!
You destroy the vampire mosquito!
Trog accepts your kill. The alligator bites you!
* * * LOW HITPOINT WARNING * * *
The alligator tail-slaps you but does no damage.
The shambling mangrove closely misses you.
You riposte.
You hit the shambling mangrove but do no damage.
The shambling mangrove looks slightly unstable.
You claw the shambling mangrove.
The shambling mangrove is lightly damaged.
The vampire mosquito barely misses you. The alligator bites you!
* * * LOW HITPOINT WARNING * * *
The alligator tail-slaps you but does no damage.
The tyrant leech bites you!!
You die...

≈≈.. ≈. ..≈≈
≈≈v.♣♣. .≈.≈.
≈≈≈v... .≈≈≈≈≈
≈≈≈≈.≈.♣♣♣.≈≈≈≈≈
§..≈≈≈♣≈..≈≈≈≈≈
♣.ynD.........
♣yywwt§≈.≈≈.≈♣
♣f@†≈≈≈≈≈≈.♣
♣≈ty≈≈≈≈≈≈.♣♣
♣♣T<....≈....
♣k≈...≈≈≈...
♣♣†≈§≈.≈≈≈...
♣............
♣♣♣≈W@≈≈.......
♣♣♣≈≈≈.....≈≈≈≈≈≈
♣≈.≈≈≈.≈..≈≈≈≈≈≈.


You could see a shambling mangrove, 2 alligators, a four-headed hydra,
Josephine, 2 tyrant leeches, a bog body, a hornet, a wraith, a swamp drake, 3
vampire mosquitoes, 2 insubstantial wisps and a friendly deep troll (berserk).

Vanquished Creatures
  2 tengu reavers (D:12)
  2 entropy weavers (Lair:5)
  The ghost of Xeddua the Severer, a journeyman MiBe of Trog (Lair:5)
  The ghost of Paulus the Fighter, a journeyman DsFi of Makhleb (Lair:4)
  3 ogre magi (Orc:2)
  A vault guard (D:13)
  11 hydras
  Erica (D:11)
  A centaur warrior (D:13)
  13 two-headed ogres
  2 alligators
  A queen ant (Lair:5)
  3 death yaks (Lair:6)
  Nergalle (D:10)
  A skeletal warrior (D:12)
  A wizard (D:13)
  A necromancer (D:13)
  Pikel (D:5)
  2 deep elf magi (D:13)
  2 oklob plants (D:11)
  A wolf spider (Lair:6)
  3 ugly things
  4 cyclopes
  2 manticores
  4 elephants (Lair:3)
  Joseph (Lair:1)
  2 black mambas
  Psyche (D:8)
  3 centaur skeletons
  A torpor snail (Lair:5)
  11 spiny frogs
  2 kobold demonologists
  5 rime drakes
  7 komodo dragons
  A queen bee (Lair:2)
  A jumping spider (Lair:4)
  8 blink frogs
  10 polar bears (Lair:6)
  2 raiju (Lair:6)
  4 bog bodies (Swamp:1)
  14 hippogriffs
  A water elemental (D:12)
  Sigmund (D:5)
  A shadow (D:11)
  A spriggan (Lair:6)
  A tarantella (shapeshifter) (D:12)
  2 redbacks (Lair:4)
  5 wraiths
  2 basilisks (Lair:4)
  50 yaks
  19 humans (D:13)
  2 wyverns
  A hungry ghost (D:12)
  6 vampire mosquitoes
  A swamp worm (Swamp:1)
  Menkaure (D:7)
  Edmund (D:5)
  23 soldier ants (Lair:5)
  7 wargs
  4 insubstantial wisps
  An acid dragon (D:12)
  14 water moccasins
  13 hell hounds (Lair:6)
  9 porcupines
  A swamp drake (Swamp:1)
  14 orc warriors
  5 ice beasts
  3 necrophages
  4 sky beasts
  14 black bears
  A phantom (D:4)
  5 centaurs
  25 ogres
  17 wolves
  13 crocodiles
  3 big kobolds
  14 bullfrogs
  2 wyvern skeletons
  2 scorpions
  7 wights
  30 killer bees
  A howler monkey (D:4)
  7 electric eels (D:12)
  5 crimson imps
  A howler monkey (shapeshifter) (D:12)
  3 centaur zombies
  6 jellies
  A bullfrog skeleton (D:13)
  9 hounds
  4 human zombies (D:13)
  20 orc wizards
  A gnoll shaman (D:5)
  17 orc priests
  6 iguanas
  2 human skeletons (D:13)
  3 hell rats (Lair:4)
  22 worker ants
  An ogre zombie (D:13)
  A hound zombie (D:9)
  5 hound skeletons
  A mummy (D:13)
  A howler monkey zombie (D:9)
  11 gnolls
  11 adders
  3 shadow imps
  An ooze (D:1)
  3 adder skeletons
  3 worms
  3 dart slugs
  7 leopard geckos
  45 orcs
  3 bats (D:1)
  6 giant cockroaches
  4 goblins
  8 hobgoblins
  13 jackals
  15 kobolds
  A quokka (D:5)
  A ball python (D:1)
  6 frilled lizards
  A leopard gecko skeleton (D:4)
  2 leopard gecko zombies (D:5)
  An orc skeleton (D:13)
  9 rats
  9 plants
747 creatures vanquished.

Vanquished Creatures (collateral kills)
  A thorn hunter (Swamp:1)
  An ogre mage (Orc:2)
  4 two-headed ogres (Orc:2)
  An alligator (Swamp:1)
  A spiny frog (Lair:5)
  A blink frog (shapeshifter) (D:12)
  A vampire (D:12)
  An insubstantial wisp (Swamp:1)
  A boggart (D:12)
  An ice beast (D:12)
  8 ogres (Orc:2)
  A bullfrog (Lair:4)
  2 worker ants (D:12)
  A hell rat (Lair:4)
25 creatures vanquished.

Vanquished Creatures (others)
  A centaur warrior (D:13)
  A death yak (Lair:6)
  A water moccasin (Lair:6)
  3 slaves (D:5)
  A wolf (Lair:6)
  A crimson imp (D:5)
  An adder (D:5)
  4 orcs
  A kobold (D:9)
  3 briar patches (Swamp:1)
  9 fungi
  19 plants
45 creatures vanquished.

Grand Total: 817 creatures vanquished

Notes
Turn   | Place    | Note
-------+----------+-------------------------------------------
     0 | D:1      | chorionicmirror the Demonspawn Berserker began the quest for the Orb.
     0 | D:1      | Reached XP level 1. HP: 18/18 MP: 1/1
   214 | D:1      | Gained mutation: Your flesh is cold resistant. (rC+) [demonic ancestry]
   214 | D:1      | Reached XP level 2. HP: 24/24 MP: 2/2
   233 | D:1      | Reached skill level 3 in Long Blades
   238 | D:1      | HP: 1/36 [goblin (2)]
   536 | D:1      | Found a sparkling altar of Nemelex Xobeh.
   592 | D:1      | Reached XP level 3. HP: 22/29 MP: 3/3
   796 | D:1      | Reached ** piety under Trog
  1468 | D:2      | Gained mutation: Your movements are slightly less encumbered by armour. (ER -2) [demonic ancestry]
  1468 | D:2      | Reached XP level 4. HP: 23/35 MP: 4/4
  1835 | D:3      | Reached skill level 1 in Stealth
  2497 | D:3      | Gained mutation: You are immune to freezing clouds. [demonic ancestry]
  2497 | D:3      | Reached XP level 5. HP: 34/42 MP: 5/5
  3088 | D:4      | Noticed a phantom
  3187 | D:4      | Killed a phantom
  3313 | D:4      | Reached XP level 6. HP: 48/48 MP: 6/6
  3425 | D:4      | Reached skill level 4 in Long Blades
  4106 | D:5      | Entered Level 5 of the Dungeon
  4106 | D:5      | Noticed an ice beast
  4121 | D:4      | Killed an ice beast
  4324 | D:5      | Gained mutation: You have sharp toenails. [demonic ancestry]
  4324 | D:5      | Reached XP level 7. HP: 23/55 MP: 7/7
  4763 | D:5      | Found a bloodstained altar of Trog.
  4770 | D:5      | Noticed Sigmund
  4782 | D:5      | Killed Sigmund
  4782 | D:5      | Reached skill level 5 in Long Blades
  5051 | D:5      | Noticed Pikel
  5069 | D:5      | Killed Pikel
  5069 | D:5      | Reached skill level 5 in Fighting
  5069 | D:5      | Reached skill level 6 in Long Blades
  5069 | D:5      | Gained mutation: A meltable icy envelope protects you from harm. (AC +10) [demonic ancestry]
  5069 | D:5      | Reached XP level 8. HP: 63/63 MP: 8/8
  5090 | D:5      | Noticed Edmund
  5127 | D:5      | Killed Edmund
  5835 | D:5      | Gained mutation: You have razor-sharp toenails. [demonic ancestry]
  5835 | D:5      | Reached XP level 9. HP: 69/69 MP: 9/9
  5913 | D:6      | Reached skill level 5 in Armour
  6012 | D:6      | Reached skill level 5 in Dodging
  6019 | D:6      | Reached *** piety under Trog
  6144 | D:6      | Found a staircase to the Ecumenical Temple.
  6234 | D:6      | Reached skill level 7 in Long Blades
  6635 | D:7      | Noticed Menkaure
  6646 | D:7      | Killed Menkaure
  6871 | D:7      | Found a radiant altar of Vehumet.
  7077 | D:8      | Noticed Psyche
  7081 | D:8      | Found Wiwuock's Gadget Emporium.
  7088 | D:8      | Killed Psyche
  7092 | D:8      | Found Reylosat's Antique Armour Shop.
  7100 | D:8      | Reached skill level 8 in Long Blades
  7129 | D:8      | Bought a pitted chain mail for 351 gold pieces
  7139 | D:8      | Identified the +2 chain mail of the Mutiny {Int+3} (You bought it in a shop on level 8 of the Dungeon)
  7176 | D:8      | Gained mutation: You have a pair of small horns on your head. [potion of mutation]
  7176 | D:8      | Gained mutation: Your natural rate of healing is unusually fast. [potion of mutation]
  7176 | D:8      | Gained mutation: You evolve. [potion of mutation]
  7176 | D:8      | Gained mutation: You have an increased reservoir of magic. (+10% MP) [potion of mutation]
  7199 | D:8      | Found Annoemup's Distillery.
  7356 | D:8      | Gained mutation: Your muscles are strong. (Str +2) [evolution]
  7388 | D:8      | Reached XP level 10. HP: 79/79 MP: 11/11
  7505 | D:8      | Noticed a two-headed ogre
  7512 | D:8      | Killed a two-headed ogre
  7879 | D:9      | Reached **** piety under Trog
  7909 | D:9      | Reached skill level 9 in Long Blades
  7979 | D:9      | Noticed a two-headed ogre
  7986 | D:9      | Killed a two-headed ogre
  8462 | D:9      | Reached ***** piety under Trog
  8590 | D:10     | Entered Level 10 of the Dungeon
  8685 | D:10     | Reached XP level 11. HP: 85/86 MP: 12/12
  8725 | D:10     | Reached skill level 10 in Long Blades
  8743 | D:10     | Noticed Sonja
  8748 | D:10     | Gained mutation: Your flesh is heat resistant. (rF+) [evolution]
  8975 | D:10     | Found a staircase to the Orcish Mines.
  9052 | D:10     | Cast into level 1 of the Abyss (Sonja)
  9055 | Abyss:1  | Found a corrupted altar of Lugonu.
  9083 | Abyss:1  | Found a corrupted altar of Lugonu.
  9134 | D:10     | Escaped the Abyss
  9256 | D:10     | Noticed Nergalle
  9271 | D:10     | Killed Nergalle
  9610 | D:11     | Noticed Erica
  9611 | D:11     | Found a staircase to the Lair.
  9611 | D:11     | Noticed an oklob plant
  9630 | D:11     | Killed Erica
  9675 | D:11     | Noticed an oklob plant
  9713 | D:11     | Reached skill level 5 in Shields
  9947 | D:11     | Identified Ditsaica's Guide on Air
  9956 | D:11     | Noticed a four-headed hydra
  9974 | D:11     | Noticed a six-headed hydra
 10097 | D:11     | Killed a six-headed hydra
 10112 | D:11     | Killed a four-headed hydra
 10268 | D:12     | Gained mutation: You rapidly evolve. [evolution]
 10268 | D:12     | Lost mutation: You rapidly evolve. [decline of evolution]
 10663 | D:12     | Noticed a brown ugly thing
 10672 | D:12     | Killed a brown ugly thing
 10672 | D:12     | Gained mutation: Your movements are less encumbered by armour. (ER -4) [demonic ancestry]
 10672 | D:12     | Reached XP level 12. HP: 94/94 MP: 13/13
 10675 | D:12     | Noticed a two-headed ogre
 10680 | D:12     | Killed a two-headed ogre
 10711 | D:12     | Noticed a tengu reaver
 10729 | D:12     | Killed a tengu reaver
 10729 | D:12     | Reached skill level 11 in Long Blades
 10756 | D:12     | Noticed a tengu reaver
 10799 | D:12     | Killed a tengu reaver
 11519 | D:12     | Gained mutation: Your spells are a little harder to cast, but a little more powerful. [evolution]
 11582 | D:12     | Got a sapphire morningstar
 11632 | D:13     | Found Rotuenlu's Antique Armour Shoppe.
 11764 | D:13     | Noticed a centaur warrior
 11778 | D:13     | Killed a centaur warrior
 11789 | D:13     | Received a gift from Trog
 11792 | D:13     | Got a shimmering demon blade {god gift}
 11793 | D:13     | Identified the +8 demon blade of the Penguin {drain, rC+ MR- Int+4} (Trog gifted it to you on level 13 of the Dungeon)
 11942 | D:13     | Noticed a centaur warrior
 11975 | D:13     | Reached skill level 12 in Long Blades
 11985 | D:13     | Killed a centaur warrior
 11985 | D:13     | Reached skill level 10 in Fighting
 12088 | D:13     | Noticed a four-headed hydra
 12095 | D:13     | Killed a four-headed hydra
 12195 | D:13     | Found a basalt altar of Yredelemnul.
 12260 | D:13     | Gained mutation: Your movements are significantly less encumbered by armour. (ER -6) [demonic ancestry]
 12260 | D:13     | Reached XP level 13. HP: 103/103 MP: 14/14
 12552 | D:13     | Found a gate to the Vaults.
 12726 | Orc:1    | Entered Level 1 of the Orcish Mines
 13061 | Orc:2    | Entered Level 2 of the Orcish Mines
 13377 | Orc:2    | Reached skill level 13 in Long Blades
 13397 | Orc:2    | Found Mocasirr's Book Shoppe.
 13397 | Orc:2    | Found Zidixore's Gadget Boutique.
 13397 | Orc:2    | Found Kalybloc's Magic Scroll Shop.
 13397 | Orc:2    | Found Tamorako's Food Shoppe.
 13440 | Orc:2    | Bought a ration for 50 gold pieces
 13440 | Orc:2    | Bought a ration for 50 gold pieces
 13440 | Orc:2    | Bought a ration for 50 gold pieces
 13440 | Orc:2    | Bought a ration for 50 gold pieces
 13499 | Orc:2    | Reached skill level 10 in Armour
 13526 | Orc:2    | Reached skill level 10 in Dodging
 13560 | Orc:2    | Found Vuiqugh's Book Shoppe.
 13579 | Orc:2    | Found a staircase to the Elven Halls.
 13894 | Orc:1    | Received a gift from Trog
 14102 | D:11     | Gained mutation: You have claws for feet. [demonic ancestry]
 14102 | D:11     | Reached XP level 14. HP: 113/113 MP: 15/15
 14152 | Lair:1   | Entered Level 1 of the Lair of Beasts
 14702 | Lair:1   | Noticed Joseph
 14710 | Lair:1   | Killed Joseph
 15181 | Lair:2   | Gained mutation: You are agile. (Dex +2) [evolution]
 15689 | Lair:3   | Reached skill level 14 in Long Blades
 15695 | Lair:3   | Reached ****** piety under Trog
 15706 | Lair:3   | Received a gift from Trog
 16636 | Lair:4   | Found a runed gate.
 16636 | Lair:4   | Found a runed gate.
 16637 | Lair:4   | Found a runed gate.
 16654 | Lair:4   | Noticed Paulus's ghost (journeyman DsFi)
 16691 | Lair:4   | Killed Paulus's ghost
 16906 | Lair:4   | Found a staircase to the Swamp.
 17021 | Lair:4   | Found a hole to the Spider Nest.
 17168 | Lair:5   | Found a staircase to the Slime Pits.
 17204 | Lair:5   | Received a gift from Trog
 17316 | Lair:5   | Found a transporter.
 17318 | Lair:5   | Noticed Xeddua's ghost (journeyman MiBe)
 17598 | Lair:5   | Found a transporter.
 17616 | Lair:5   | Noticed an entropy weaver
 17632 | Lair:5   | Killed an entropy weaver
 17632 | Lair:5   | Reached XP level 15. HP: 122/122 MP: 16/16
 17956 | Lair:5   | Killed Xeddua's ghost
 18002 | Lair:6   | Entered Level 6 of the Lair of Beasts
 18075 | Lair:6   | Received a gift from Trog
 18796 | Lair:6   | Received a gift from Trog
 19457 | Swamp:1  | Entered Level 1 of the Swamp
 19484 | Swamp:1  | Noticed a thorn hunter
 19504 | Swamp:1  | Killed a thorn hunter
 19506 | Swamp:1  | Noticed Josephine
 19507 | Swamp:1  | Slain by a tyrant leech

Vault maps used:
D:1:      dpeg_arrival_prison, kennysheep_nondescript,
          nemelex_xobeh_ov_fountains_minmay
D:4:      nicolae_zen_rock_garden
D:5:      nicolae_overflow_crystal_walls, first_ration, st_stairs_11,
          uniq_edmund, uniq_sigmund, uniq_pikel
D:6:      minmay_temple_entry_fiery
D:7:      grunt_ogre_cave, vehumet_altar_wand_db, uniq_menkaure
D:8:      serial_shops, nicolae_shop_behind_doors, kennysheep_mini_moat, shop,
          uniq_psyche
D:10:     orc_0_dummy, uniq_nergalle, uniq_sonja
D:11:     dpeg_oklobed_lair, uniq_erica
D:12:     evilmike_diamond_1
D:13:     minmay_blocky_corners, grunt_vaults_entry_tiered, serial_shops,
          nicolae_shop_competitors_out_of_business,
          lemuel_mausoleum_altar_yredelemnul
Lair:1:   uniq_joseph
Lair:2:   special_room
Lair:3:   grunt_megastairs_3
Lair:4:   minmay_swamp_entry_wisps, spider_nest_entry_a,
          ebering_ghost_rock_garden, infiniplex_staircase_pool,
          grunt_megastairs_1, serial_bayou_shore_b
Lair:5:   slime_dummy, gammafunk_ghost_arena, minivault_29
Lair:6:   hangedman_lair_caniforms_friends, wad_woods_03
Swamp:1:  gammafunk_ghost_hydra_chop, evilmike_swamp_ruin_house_4,
          uniq_josephine, uniq_frances
Orc:2:    st_orc_ogre_mass, serial_shops, shop

Skill      XL: |  1  2  3  4  5  6  7  8  9 10 11 12 13 14 15 |
---------------+----------------------------------------------+-----
Long Blades    | 3 4 6 8 9 10 12 13 14 | 14.9
Armour         | 2 3 4 6 7 9 10 11 | 11.9
Dodging        | 2 3 4 6 7 8 10 11 | 11.9
Stealth        | 1 2 3 |  3.2
Fighting       | 4 5 7 8 10 11 12 13 | 13.1
Shields        | 6 |  6.0

Action                   |  1- 3 |  4- 6 |  7- 9 | 10-12 | 13-15 || total
-------------------------+-------+-------+-------+-------+-------++-------
Melee: Falchion          |   133 |   241 |   197 |       |       ||   571
       Scimitar          |       |       |    77 |   437 |       ||   514
       Kick              |       |       |    58 |   196 |   466 ||   720
       Headbutt          |       |       |     9 |   113 |   295 ||   417
       Flail             |       |       |       |    22 |    21 ||    43
       Demon blade       |       |       |       |    35 |   671 ||   706
       Double sword      |       |       |       |       |   240 ||   240
Invok: Berserk           |     3 |     6 |    11 |    16 |    10 ||    46
       Trog's Hand       |       |     5 |     8 |    18 |     6 ||    37
       Brothers in Arms  |       |       |       |     1 |     4 ||     5
Evoke: Wand              |       |       |       |     4 |       ||     4
  Use: Scroll            |     4 |     5 |     3 |     8 |       ||    20
       Potion            |       |     3 |     8 |     6 |     7 ||    24
 Stab: Sleeping          |     4 |     2 |     5 |       |       ||    11
       Distracted        |       |       |     1 |       |       ||     1
  Eat: Ration            |     1 |     2 |     5 |     4 |     1 ||    13
       Chunk             |     1 |     9 |     7 |    24 |    34 ||    75
Armor: Animal skin       |    35 |       |       |       |       ||    35
       Ring mail         |       |    47 |    92 |       |       ||   139
       Chain mail        |       |       |    18 |   292 |       ||   310
       Scale mail        |       |       |       |    51 |   284 ||   335
Dodge: Dodged            |   105 |   158 |   169 |   352 |   595 ||  1379
Block: Other             |       |       |    15 |    36 |       ||    51
       Reflection        |       |       |       |    23 |     3 ||    26
       Buckler           |       |       |       |   227 |   496 ||   723
       Rpst.: Falchion   |    28 |    47 |    35 |       |       ||   110
       Scimitar          |       |       |    22 |    67 |       ||    89
       Demon blade       |       |       |       |     4 |    82 ||    86
       Double sword      |       |       |       |       |    42 ||    42

Table legend:
 A = Spawn XP
 B = Non-spawn XP
 C = Spawn XP percentage of total XP
 D = Spawn monster count
 E = Non-spawn monster count
 F = Spawn count percentage of total count
 G = Total turns spent on level
                    A         B        C        D         E        F      G
               +---------+---------+-------+---------+---------+-------+---------
         Total |       0 |  138547 |   0.0 |       0 |     768 |   0.0 | 19507
               +---------+---------+-------+---------+---------+-------+---------
           D:1 |       0 |      79 |   0.0 |       0 |      37 |   0.0 |  1137
           D:2 |       0 |      18 |   0.0 |       0 |       7 |   0.0 |   604
           D:3 |       0 |     119 |   0.0 |       0 |      13 |   0.0 |  1236
           D:4 |       0 |     510 |   0.0 |       0 |      23 |   0.0 |  1480
           D:5 |       0 |    2097 |   0.0 |       0 |      35 |   0.0 |  1433
           D:6 |       0 |     509 |   0.0 |       0 |      13 |   0.0 |   644
           D:7 |       0 |     828 |   0.0 |       0 |      17 |   0.0 |   542
           D:8 |       0 |    2767 |   0.0 |       0 |      20 |   0.0 |   795
           D:9 |       0 |    3442 |   0.0 |       0 |      46 |   0.0 |   719
          D:10 |       0 |    1899 |   0.0 |       0 |      14 |   0.0 |   791
          D:11 |       0 |    7642 |   0.0 |       0 |      33 |   0.0 |   899
          D:12 |       0 |   11686 |   0.0 |       0 |      56 |   0.0 |  1359
          D:13 |       0 |   14250 |   0.0 |       0 |      57 |   0.0 |  1099
        Lair:1 |       0 |    5441 |   0.0 |       0 |      26 |   0.0 |   768
        Lair:2 |       0 |    4556 |   0.0 |       0 |      29 |   0.0 |   607
        Lair:3 |       0 |   11043 |   0.0 |       0 |      43 |   0.0 |   845
        Lair:4 |       0 |    9570 |   0.0 |       0 |      38 |   0.0 |   793
        Lair:5 |       0 |   14913 |   0.0 |       0 |      68 |   0.0 |   889
        Lair:6 |       0 |   21893 |   0.0 |       0 |      89 |   0.0 |  1403
       Swamp:1 |       0 |    5536 |   0.0 |       0 |      14 |   0.0 |    50
         Orc:1 |       0 |    1271 |   0.0 |       0 |      26 |   0.0 |   459
         Orc:2 |       0 |   18478 |   0.0 |       0 |      64 |   0.0 |   873
               +---------+---------+-------+---------+---------+-------+---------
